AoeStats
← Ux'RaúlME

African Clearing

506300708Analyzed
4v4 RM · 20d ago on Sep 13, 2026· 42m 56s· 8 players
Game mode
Random Map
Map size
Large (8 player)
Population
200
Speed
Normal
Resources
Standard
Victory
Conquest
Starting age
Dark Age
Ending age
Imperial Age
RankedLock teamsTeams togetherTeam positionsShared explorationLock speedFull tech treeHidden civsTurbo modeCheats
Victory
Defeat
🇲🇽 Mongols · Mexico
1279
+14
🇲🇽 Persians · Mexico
1227
+16
🇲🇽 Bengalis · Mexico
1213
+16
🇨🇦 Celts · Canada
1193
+17
🇲🇽 Italians · Mexico
1257
-17
🇮🇩 Spanish · Indonesia
1225
-16
🇹🇷 Koreans · Türkiye
1211
-15
🇨🇳 Saracens · China
1200
-15
Theodore
8:14 Loom
12:51 Feudal Age
13:38 Man-at-Arms
14:57 Arson
15:35 Forging
16:33 Scale Mail Armor
24:50 Castle Age
40:24 Long Swordsman
41:23 Chain Mail Armor
Ux'RaúlME
8:00 Loom
14:21 Feudal Age
15:27 Double-Bit Axe
15:49 Gold Mining
18:18 Castle Age
16:32 Stone Mining
19:28 Wheelbarrow
19:39 Fletching
19:47 Town Watch
24:02 Padded Archer Armor
26:45 Bodkin Arrow
27:43 Leather Archer Armor
28:40 Ballistics
32:48 Horse Collar
36:38 Imperial Age
35:47 Heavy Plow
36:21 Hand Cart
37:01 Bow Saw
37:45 Conscription
39:09 Gold Shaft Mining
39:10 Stone Shaft Mining
38:52 Bracer
40:05 Chemistry
39:09 Murder Holes
40:26 Hoardings
40:59 Elite Mangudai
Ux'RaulitoMD
3:43 Loom
14:13 Feudal Age
15:03 Double-Bit Axe
16:59 Bloodlines
22:21 Castle Age
20:28 Gold Mining
20:35 Stone Mining
20:57 Horse Collar
21:50 Scale Barding Armor
21:57 Forging
23:10 Wheelbarrow
22:21 Town Watch
26:00 Husbandry
26:57 Chain Barding Armor
28:08 Iron Casting
29:32 Heavy Plow
32:59 Light Cavalry
34:44 Fletching
35:33 Hand Cart
36:07 Gold Shaft Mining
39:37 Town Patrol
CCM | Zero
9:33 Loom
14:17 Feudal Age
18:13 Castle Age
17:42 Double-Bit Axe
17:54 Town Watch
18:34 Fletching
21:44 Wheelbarrow
24:43 Horse Collar
26:50 Bodkin Arrow
28:10 Padded Archer Armor
35:49 Imperial Age
38:05 Hand Cart
39:11 Gold Mining
39:58 Bracer
40:46 Ballistics
42:20 Gold Shaft Mining
42:37 Leather Archer Armor
42:43 Husbandry
42:53 Bloodlines
43:19 Heavy Plow
12345
4:52 Loom
14:17 Feudal Age
14:44 Double-Bit Axe
23:32 Castle Age
21:50 Fletching
23:37 Gold Mining
23:37 Stone Mining
30:50 Wheelbarrow
33:09 Hand Cart
32:39 Town Watch
34:34 Bow Saw
34:38 Horse Collar
34:33 Crossbowman
35:11 Bodkin Arrow
35:37 Heavy Plow
37:11 Thumb Ring
37:40 Eupseong
42:08 Imperial Age
39:42 Scale Mail Armor
40:35 Town Patrol
40:21 Elite Skirmisher
41:58 Ballistics
41:18 Treadmill Crane
41:34 Murder Holes
41:49 Fortified Wall
41:50 Masonry
42:36 Forging
42:41 Chain Mail Armor
42:31 Scale Barding Armor
43:06 Gold Shaft Mining
43:06 Stone Shaft Mining
hemes
13:19 Feudal Age
17:07 Castle Age
15:44 Double-Bit Axe
15:43 Horse Collar
17:20 Loom
19:21 Bow Saw
26:15 Padded Archer Armor
29:18 Wheelbarrow
28:28 Town Watch
35:12 Bloodlines
35:02 Husbandry
35:19 Leather Archer Armor
37:13 Town Watch
40:05 Imperial Age
40:24 Elite Conquistador
41:24 Conscription
42:24 Ring Archer Armor
wuyu
4:03 Loom
18:47 Feudal Age
23:00 Castle Age
22:09 Double-Bit Axe
24:40 Wheelbarrow
36:24 Bimaristan
40:59 Imperial Age
39:14 Horse Collar
40:33 Gold Mining
41:20 Stone Mining
mnmoose
3:23 Loom
12:45 Feudal Age
13:42 Feudal Age
18:02 Castle Age
21:51 Fletching
33:40 Wheelbarrow
34:40 Double-Bit Axe
34:35 Horse Collar
36:36 Stone Mining
43:06 Imperial Age
41:13 Bodkin Arrow
42:28 Padded Archer Armor
42:52 Gold Mining
43:37 Stone Shaft Mining
Connection lost

Rejoining the realm…

Still unreachable

The connection could not be restored.

Session expired

The server has moved on; the page needs a fresh start.